 Dungeon Crawl Stone Soup version 0.30-a0-165-g1891117ce2 (webtiles) character file.

Game seed: 9032311547256217770

147 qw the Chopper (level 5, 0/32 HPs)
             Began as a Gargoyle Fighter on Sept 28, 2022.
             Slain by a gnoll
             ... wielding a +0 halberd
              (3 damage)
             ... on level 3 of the Dungeon.
             The game lasted 00:00:50 (2580 turns).

qw the Chopper (Gargoyle Fighter)                   Turns: 2580, Time: 00:00:50

Health: 0/32       AC: 12    Str: 21    XL:     5   Next: 29%
Magic:  5/5        EV:  9    Int:  9    God:
Gold:   94         SH:  4    Dex:  9    Spells: 4/4 levels left

rFire   . . .      SeeInvis .    Y - +0 war axe
rCold   . . .      Faith    .    c - +0 buckler
rNeg    + . .      Spirit   .    b - +0 scale mail
rPois   inf        Reflect  .    (no helmet)
rElec   +          Harm     .    (no cloak)
rCorr   .          Rampage  .    (no gloves)
Will    .....                    e - +0 pair of boots
Stlth   ..........               (no amulet)
HPRegen 0.10/turn                (no ring)
MPRegen 0.09/turn                (no ring)

@: about to teleport
A: sickness immunity, AC +4, negative energy resistance 1, electricity
resistance, torment resistance 1, petrification resistance
a: no special abilities


You were on level 3 of the Dungeon.
You visited 1 branch of the dungeon, and saw 3 of its levels.

You collected 148 gold pieces.
You spent 54 gold pieces at shops.


Innate Abilities, Weirdness & Mutations

You are immune to sickness and miasma.
Your stone body is resilient. (AC +4)
You are immune to poison.
You resist negative energy. (rN+)
You are resistant to electric shocks. (rElec)
You are resistant to unholy torment.
You are immune to petrification.


   Skills:
 - Level 3.2 Fighting
 + Level 4.8 Axes
 - Level 3.2 Armour
 - Level 3.2 Shields


You had 4 spell levels left.
You didn't know any spells.
Your spell library was empty.

Inventory:

Hand Weapons
 h - a +0 flail
 Y - a +0 war axe (weapon)
Armour
 b - a +0 scale mail (worn)
 c - a +0 buckler (worn)
 e - a +0 pair of boots (worn)
Scrolls
 a - 2 scrolls of teleportation
 i - a scroll of identify
Potions
 d - 2 potions of might

Dungeon Overview and Level Annotations

Branches:
Dungeon (3/15)

Altars:

Shops:
D:2 [


Message History

A gnoll comes into view. It is wielding a +0 whip.
The gnoll shouts!
You hear a shout! x3
A gnoll comes into view. It is wielding a +0 halberd.
2565 ||| Stepping ~*~*~tactically~*~*~ (hiding).
2568 ||| Stepping ~*~*~tactically~*~*~ (hiding).
You barely miss the gnoll. The gnoll hits you with a +0 whip.
You slash the gnoll!
The gnoll is almost dead.
You block the gnoll's attack.
You hit the gnoll.
You kill the gnoll!
The gnoll hits you from afar with a +0 halberd!
The gnoll hits you with a +0 halberd.
Things that are here:
a +0 whip; a gnoll corpse You barely miss the gnoll.
The gnoll hits you but does no damage.
You closely miss the gnoll. You hit the rat.
You kill the rat!
The gnoll hits you with a +0 halberd.
You barely miss the gnoll. The gnoll misses you.
You slash the gnoll!
The gnoll is almost dead.
The gnoll closely misses you. The gnoll hits you with a +0 halberd.
You barely miss the gnoll.
The gnoll is almost dead.
The gnoll closely misses you.
You closely miss the gnoll.
The gnoll is almost dead.
The gnoll hits you with a +0 halberd!
2579 ||| READING 3 scrolls of teleportation.
As you read the scroll of teleportation, it crumbles to dust.
You feel strangely unstable. You block the gnoll's attack.
You barely miss the gnoll.
The gnoll is severely wounded.
The gnoll hits you with a +0 halberd.
You die...

##..................
.. ##..............#
...
####.......##..##....
####)##.##.^...#
#.##.....# #.#####..#
##.#####.## g
........## .).
....##.@#77..$.7 ....
##.g.......
###77)..7. ... .


You could see a gnoll.

Vanquished Creatures
  An orc priest (D:3)
  Natasha (D:2)
  A gnoll (D:3)
  3 adders (D:2)
  3 orcs (D:3)
  6 bats
  An endoplasm (D:2)
  2 giant cockroaches (D:2)
  8 goblins
  7 hobgoblins
  2 jackals (D:1)
  A quokka (D:1)
  4 ball pythons
  3 frilled lizards
  4 kobolds
  7 rats
54 creatures vanquished.

Vanquished Creatures (others)
  5 plants (D:2)
5 creatures vanquished.

Grand Total: 59 creatures vanquished

Notes
Turn   | Place    | Note
-------+----------+-------------------------------------------
     0 | D:1      | qw the Gargoyle Fighter began the quest for the Orb.
     0 | D:1      | Reached XP level 1. HP: 14/14 MP: 1/1
     0 | D:1      | 0 ||| qw: Version: 0.2-a-12-gaebbb33
     0 | D:1      | 0 ||| qw: Game counter: 805
     0 | D:1      | 0 ||| qw: Always use a shield: true
     0 | D:1      | 0 ||| qw: God list: Okawaru
     0 | D:1      | 0 ||| qw: Allow faded altars: false
     0 | D:1      | 0 ||| qw: Do Orc after D:15 true
     0 | D:1      | 0 ||| qw: Do second Lair branch before Depths: true
     0 | D:1      | 0 ||| qw: Lair rune preference: random
     0 | D:1      | 0 ||| qw: Plans: Normal, Zot:1-4, God:TSO, Crypt, Tomb,
                  | Pan, Slime:5, Hells, Abyss, Orb
     0 | D:1      | 0 ||| PLANNING D:1-11
   110 | D:1      | Reached skill level 2 in Axes
   359 | D:1      | Reached XP level 2. HP: 19/19 MP: 2/2
   597 | D:1      | Found a faded altar of an unknown god.
   714 | D:1      | 714 ||| DROPPING +0 whip.
   980 | D:1      | 980 ||| READING scroll labelled CUYSCH BARE.
   981 | D:1      | 981 ||| READING scroll labelled HEM HOETOUM.
  1008 | D:2      | Reached skill level 3 in Axes
  1016 | D:2      | Reached XP level 3. HP: 20/23 MP: 3/3
  1118 | D:2      | Found Entupeam's Armour Emporium.
  1126 | D:2      | 1126 ||| BUYING +0 pair of boots (54 gold).
  1126 | D:2      | Bought a +0 pair of boots for 54 gold pieces
  1215 | D:2      | 1215 ||| Stepping ~*~*~tactically~*~*~ (stealth).
  1216 | D:2      | 1216 ||| Stepping ~*~*~tactically~*~*~ (stealth).
  1465 | D:2      | 1465 ||| Stepping ~*~*~tactically~*~*~ (water).
  1778 | D:2      | Reached XP level 4. HP: 27/28 MP: 4/4
  1869 | D:2      | Reached skill level 4 in Axes
  1870 | D:2      | Noticed Natasha
  1877 | D:2      | Killed Natasha
  2251 | D:2      | 2251 ||| UPGRADING to +0 pair of boots.
  2256 | D:2      | 2256 ||| READING scroll labelled LIXA JAEMOSUETH.
  2257 | D:2      | 2257 ||| READING 2 scrolls labelled TIACWIARCHO.
  2258 | D:2      | 2258 ||| DROPPING scroll of poison.
  2311 | D:3      | 2311 ||| Stepping ~*~*~tactically~*~*~ (hiding).
  2320 | D:3      | Reached XP level 5. HP: 13/32 MP: 5/5
  2533 | D:3      | 2533 ||| Stepping ~*~*~tactically~*~*~ (stealth).
  2565 | D:3      | 2565 ||| Stepping ~*~*~tactically~*~*~ (hiding).
  2568 | D:3      | 2568 ||| Stepping ~*~*~tactically~*~*~ (hiding).
  2578 | D:3      | HP: 3/32 [gnoll/+0 halberd (8)]
  2579 | D:3      | 2579 ||| READING 3 scrolls of teleportation.
  2580 | D:3      | Slain by a gnoll

Levels and vault maps discovered:
D:1:      amcnicky_arrival_flooded_fountain, layout_basic,
          shapermc_ecumenical_altar_mp_highgroup, minmay_ruptured
D:2:      wad_lake_hut, layout_loops_cross, serial_shops, nicolae_shop_crystal,
          minmay_misc_feat_iff, serial_bayou_pond_b, uniq_natasha
D:3:      minmay_inner_zag, layout_loops_cross, pf_guarded_unrand_woodcutter,
          uniq_ijyb

Skill      XL: |  1  2  3  4 |
---------------+-------------+-----
Axes           | 2 3 4 |  4.8
Fighting       | |  3.2
Armour         | |  3.2
Shields        | |  3.2

Action                   |  1- 3 |  4- 6 || total
-------------------------+-------+-------++-------
Melee: War axe           |   119 |    53 ||   172
  Use: Scroll            |     2 |     3 ||     5
Armor: Scale mail        |    65 |    19 ||    84
Dodge: Dodged            |    59 |    20 ||    79
Block: Buckler           |    21 |     5 ||    26

Table legend:
 A = Non-vault XP
 B = Vault XP
 C = Vault XP percentage of total XP
 D = Non-vault monster count
 E = Vault monster count
 F = Vault count percentage of total count
                 A         B        C        D         E       F
            +---------+---------+-------+---------+---------+-------
      Total |     144 |      66 |  31.4 |      49 |       5 |   9.3
            +---------+---------+-------+---------+---------+-------
        D:1 |      29 |       0 |   0.0 |      19 |       0 |   0.0
        D:2 |      61 |      51 |  45.5 |      23 |       4 |  14.8
        D:3 |      54 |      15 |  21.7 |       7 |       1 |  12.5
            +---------+---------+-------+---------+---------+-------
